 Dungeon Crawl Stone Soup version 0.30-a0-395-gfe72c296f8 (webtiles) character file.

Game seed: 1794042761316555381

101 Bnni the Vexing (level 4, -2/36 HPs)
             Began as a Demigod Hexslinger on Dec 7, 2022.
             Killed from afar by Natasha (7 damage)
             ... with a magic dart
             ... on level 3 of the Dungeon.
             The game lasted 00:02:34 (2014 turns).

Bnni the Vexing (Demigod Hexslinger)                Turns: 2014, Time: 00:02:35

Health: -2/36      AC:  3    Str: 15    XL:     4   Next: 24%
Magic:  5/8        EV: 11    Int: 15    God:
Gold:   148        SH:  0    Dex: 14    Spells: 1/5 levels left

rFire   . . .      SeeInvis .    a - +1 sling
rCold   . . .      Faith    .    (no shield)
rNeg    . . .      Spirit   .    l - +0 leather armour
rPois   .          Reflect  .    (no helmet)
rElec   .          Harm     .    (no cloak)
rCorr   .          Rampage  .    (no gloves)
Will    .....                    (no boots)
Stlth   +.........               (no amulet)
HPRegen 0.26/turn                (no ring)
MPRegen 0.11/turn                (no ring)

@: no status effects
A: high MP 1, forlorn, divine attributes
a: no special abilities


You were on level 3 of the Dungeon.
You visited 1 branch of the dungeon, and saw 3 of its levels.

You collected 148 gold pieces.

Inventory:

Hand Weapons
 a - a +1 sling (weapon)
Missiles
 j - 7 poisoned darts
Armour
 l - a +0 leather armour (worn)
Wands
 o - a wand of charming (7)
Scrolls
 b - 2 scrolls of poison
 d - 2 scrolls of brand weapon {unknown}
 i - 2 scrolls of identify {unknown}
 k - 2 scrolls of teleportation {unknown}
 n - a scroll of noise {unknown}
 q - a scroll of torment {unknown}
 r - a scroll of amnesia {unknown}
 s - a scroll of magic mapping {unknown}
Potions
 c - a potion of attraction {unknown}
 e - a potion of brilliance {unknown}
 f - a potion of curing {unknown}
 g - a potion of lignification {unknown}
 h - a potion of resistance {unknown}
 m - a potion of flight {unknown}
 p - 3 potions of mutation {unknown}
 t - a potion of berserk rage {unknown}


   Skills:
 + Level 1.6 Fighting
 * Level 2.7 Ranged Weapons
 - Level 1.7 Dodging
 + Level 1.4 Spellcasting
 * Level 3.3 Hexes
 * Level 1.2 Translocations


You had one spell level left.
You knew the following spells:

 Your Spells              Type           Power      Damage    Failure   Level
a - Slow                  Hex            44%        N/A       8%          1
b - Inner Flame           Hex/Fire       6%         N/A       41%         3

Your spell library contained the following spells:

 Spells                   Type           Power      Damage    Failure   Level
 Portal Projectile        Hex/Tloc       16%        N/A       32%         3
 Cause Fear               Hex            5%         N/A       58%         4
 Ozocubu's Armour         Ice            1%         N/A       65%         3
 Ozocubu's Refrigeration  Ice            0%         4d7       100%        7


Dungeon Overview and Level Annotations

Branches:
Dungeon (3/15)

Annotations:
D:3 Natasha


Innate Abilities, Weirdness & Mutations

You have an increased reservoir of magic. (+10% MP)
You shall have no god before yourself.
Your divine heritage dramatically boosts your attributes as you level up.


Message History

* * * LOW HITPOINT WARNING * * *
Unknown command.
Casting: Slow (safe; 8% risk of failure)
Confirm with . or Enter, or press ? or * to list all spells.
Aiming: Slow (safe; 8% risk of failure)
Press: ? - help, Shift-Dir - straight line, f/p - Natasha
Aim: Natasha (heavily wounded, chance to affect: 45%) Natasha resists with some effort.
Natasha casts a spell.
Unknown command.
Casting: Slow (safe; 8% risk of failure)
Confirm with . or Enter, or press ? or * to list all spells.
Aiming: Slow (safe; 8% risk of failure)
Press: ? - help, Shift-Dir - straight line, f/p - Natasha
Aim: Natasha (heavily wounded, chance to affect: 45%) Natasha seems to slow down.
Unknown command.
Fire: a) +1 sling
Press: ? - help, Shift-Dir - straight line, f/p - Natasha
Aim: Natasha (heavily wounded, slow, 50% to hit)
You shoot a sling bullet. The sling bullet hits Natasha.
Natasha is heavily wounded.
Natasha misses you.
Unknown command.
Fire: a) +1 sling
Press: ? - help, Shift-Dir - straight line, f/p - Natasha
Aim: Natasha (heavily wounded, slow, 50% to hit)
You shoot a sling bullet. The sling bullet misses Natasha.
The sling bullet hits the white imp.
The white imp is lightly wounded.
Natasha claws you.
* * * LOW HITPOINT WARNING * * *
Fire: a) +1 sling
Press: ? - help, Shift-Dir - straight line, f/p - Natasha
Aim: Natasha (heavily wounded, slow, 50% to hit)
You shoot a sling bullet. The sling bullet hits Natasha.
Natasha is almost dead.
Natasha casts a spell at you. The magic dart hits you!
You die...

######## #..######.## ###+###+###
#..#.##..... .......#..#
#.....##....
.......#..############.##.####.##
###'###+..'..#.........####..#.#
.+...'.#..##.#.###########.....#
.#...#.#..##.#..........#....###
.#._.#.'##'..#############...#
.#...#.#..#...5h@...<..#....##
.+...+.#..##.#########.#....#
###+###+..+.....#...........#
..##.#..#.####†#....# ..##.#..#.#
#.#....# #+####.#.##.# #.#....##
#......#.##.# #.#.....#
######.#.##.####.##....####
#.........#.#####.....


You could see Natasha (slow) and a white imp (summoned).

Vanquished Creatures
  Natasha (twice) (D:3)
  An adder (D:2)
  A worm (D:2)
  A dart slug (D:3)
  An orc (D:3)
  3 ball pythons
  4 endoplasms
  A giant cockroach (D:3)
  6 goblins
  4 hobgoblins (D:2)
  3 kobolds
  A quokka (D:1)
  5 bats
  3 frilled lizards
36 creatures vanquished.

Notes
Turn   | Place    | Note
-------+----------+-------------------------------------------
     0 | D:1      | Bnni the Demigod Hexslinger began the quest for the Orb.
     0 | D:1      | Reached XP level 1. HP: 15/15 MP: 4/4
    34 | D:1      | Reached skill level 1 in Fighting
   151 | D:1      | Reached XP level 2. HP: 23/23 MP: 6/6
   208 | D:1      | Reached skill level 3 in Hexes
   541 | D:2      | Reached XP level 3. HP: 28/28 MP: 7/7
  1123 | D:3      | Learned a level 3 spell: Inner Flame
  1631 | D:3      | Noticed Natasha
  1636 | D:3      | Killed Natasha
  1637 | D:3      | Reached skill level 1 in Translocations
  1800 | D:3      | Noticed Natasha
  1819 | D:3      | Killed Natasha
  1820 | D:3      | Reached XP level 4. HP: 13/36 MP: 8/8
  1998 | D:3      | Noticed Natasha
  2014 | D:3      | Killed from afar by Natasha

Illustrated notes

Levels and vault maps discovered:
D:1:      minmay_arrival_doors, layout_rooms
D:2:      layout_basic
D:3:      layout_basic, mainiacjoe_overflow_24_doors, nrook_loot_triangle,
          kennysheep_generic_room_15, uniq_natasha

Skill      XL: |  1  2  3 |
---------------+----------+-----
Fighting       | 1 |  1.6
Ranged Weapons | 2 |  2.7
Hexes          | 3 |  3.3
Translocations | 1 |  1.2
Dodging        | |  1.7
Spellcasting   | |  1.4

Action                   |  1- 3 |  4- 6 || total
-------------------------+-------+-------++-------
 Fire: Sling             |   123 |    11 ||   134
 Cast: Slow              |     1 |     5 ||     6
Armor: Robe              |     2 |       ||     2
       Leather armour    |    10 |       ||    10
Dodge: Dodged            |    26 |     4 ||    30

Table legend: (Time is in decaauts)
 A = Elapsed time spent in this place.
 B = Non-inter-level travel time spent in this place.
 C = Inter-level travel time spent in this place.
 D = Time resting spent in this place.
 E = Time spent auto-exploring this place.
 F = Levels seen in this place.
 G = Mean time per level.
                   A        B        C        D        E       F      G
               +--------+--------+--------+--------+--------+-----+--------+
         Total |   2069 |   2053 |     16 |    179 |   1582 |   3 |  689.7 |
       Dungeon |   2069 |   2053 |     16 |    179 |   1582 |   3 |  689.7 |
               +--------+--------+--------+--------+--------+-----+--------+

Top non-repeatable levels by time:
     D:3: 933 daAuts
     D:2: 808 daAuts
     D:1: 327 daAuts
